 Dungeon Crawl Stone Soup version 0.31-a0-325-g067879e3d3 (webtiles) character file.

Game seed: 12240893347513916865

88 cforsyth the Changeling (level 4, -5/4 HPs)
             Began as a Vampire Shapeshifter on July 18, 2023.
             Slain by Sigmund
             ... wielding a +0 scythe
              (9 damage)
             ... on level 2 of the Dungeon.
             The game lasted 00:02:38 (1609 turns).

cforsyth the Changeling (Vampire Shapeshifter)      Turns: 1609, Time: 00:02:39

Health: -5/4       AC: 20    Str: 16    XL:     4   Next: 30%
Magic:  4/4        EV: 12    Int: 10    God:
Gold:   78         SH:  0    Dex: 14    Spells: 3/3 levels left

rFire   . .          .
                       - Unarmed
rCold   . . .        (no shield)
rNeg    + . .        a - melded +0 animal skin
rPois   ∞            (no helmet)
rElec   +            (no cloak)
rCorr   .            (gloves currently unavailable)
SInv    +            (boots currently unavailable)
Will    .....        (no amulet)
Stlth   +            (no ring)
HPRegen 0.40/turn    (no ring)
MPRegen 0.09/turn

%: no passive effects
@: statue-form, healing quickly, very slow
A: slow and powerful, torment resistance 1, reduced hp, alive, fangs 3, see
invisible, vampiric 2
a: Exsanguinate, Begin Untransformation


You were on level 2 of the Dungeon.
You were a living statue of rough stone.
You visited 1 branch of the dungeon, and saw 2 of its levels.

You collected 78 gold pieces.

Inventory:

Armour
 a - a +0 animal skin (melded)
 h - a +0 helmet
Jewellery
 g - a ring of ice
Talismans
 c - a beast talisman
 k - a granite talisman
Scrolls
 d - 2 scrolls of fear {unknown}
 e - a scroll of teleportation {unknown}
 f - a scroll of enchant weapon {unknown}
 j - a scroll of identify {unknown}
 l - 2 scrolls of poison {unknown}
 n - a scroll of vulnerability {unknown}
Potions
 b - 2 potions of lignification
 i - a potion of degeneration {unknown}
 m - a potion of heal wounds


   Skills:
 - Level 2.3 Fighting
 - Level 2.1 Dodging
 + Level 3.7 Unarmed Combat
 + Level 4.1 Shapeshifting


You had 3 spell levels left.
You didn't know any spells.
Your spell library contained the following spells:

 Spells                   Type           Power      Damage    Failure   Level
 Sting                    Tmut/Pois      0%         1d3       36%         1
 Poisonous Vapours        Pois/Air       0%         N/A       50%         2
 Olgreb's Toxic Radiance  Pois           0%         N/A       98%         4


Dungeon Overview and Level Annotations

Branches:
Dungeon (2/15)

Altars:
Sif Muna

Annotations:
D:2 Sigmund


Innate Abilities, Weirdness & Mutations

You are a living statue of rough stone.
Your actions are slow, but your melee attacks are powerful.
You are resistant to unholy torment.
Your maximum health is decreased, since you lack skill for your form.
Your equipment is partially melded.
Your natural rate of healing is accelerated.
You have razor-sharp teeth.
You have supernaturally acute eyesight. (SInv)
You are afflicted with vampirism and can become a bat while bloodless.


Message History

Okay, then.
Unknown command.
You climb upwards.
There is a stone staircase leading down here.
You begin transforming.
You continue transforming. x3
Your transformation has ended.
You turn into a living statue of rough stone.
Your +0 animal skin melds into your body.
HP restored.
You climb downwards.
Level annotation: Sigmund Sigmund gestures at you while chanting.
You resist with some effort.
There is a stone staircase leading up here.
Okay, then.
Sigmund gestures wildly while chanting.
Sigmund flickers and vanishes for a moment.
You start waiting.
Sigmund is nearby!
You hit Sigmund.
Sigmund is moderately wounded.
Sigmund closely misses you.
You closely miss Sigmund. Your bite misses Sigmund.
Sigmund is moderately wounded.
Sigmund closely misses you.
You barely miss Sigmund. You bite Sigmund!
Sigmund is heavily wounded.
Sigmund points at you and mumbles some strange words.
The magic dart hits you but does no damage.
Sigmund barely misses you.
You barely miss Sigmund.
Sigmund is heavily wounded.
Sigmund hits you but does no damage.
You barely miss Sigmund. Your bite misses Sigmund.
Sigmund is heavily wounded.
You hit Sigmund.
Sigmund is severely wounded.
Sigmund hits you with a +0 scythe!
Ouch! That really hurt!
You die...

.###..#..#
#..........##
....#....####
##.......#.###
###.###.....#
##.#..†......#
#.###.###.##
###.....#....#..
#[##..#
#..#####....(.##..#####
#.##.##
##.#.....#.....#..#
#.#..#
#.......##..#.....
#.#.##
###....<#..##.#.#.#
#...#
#..8..#..##.#.#.##
#..##
####@..).##.#.#..# ####
#...#.#.#..#....
#######.#..............
#.>.....#.........## ..
#......)...#......##...
#.........##.........#
##.......####......####
#####.......##
#.......# ##


You could see Sigmund (invisible).

Vanquished Creatures
  Jessica (D:2)
  Robin (D:2)
  An adder (D:2)
  A dart slug (D:1)
  3 bats
  3 endoplasms
  10 goblins
  4 hobgoblins
  4 jackals (D:1)
  A kobold (D:2)
  4 ball pythons (D:1)
  A frilled lizard (D:2)
  4 rats
38 creatures vanquished.

Vanquished Creatures (others)
  A goblin (D:2)
1 creature vanquished.

Grand Total: 39 creatures vanquished

Notes
Turn   | Place    | Note
-------+----------+-------------------------------------------
     0 | D:1      | cforsyth the Vampire Shapeshifter began the quest for the
                  | Orb.
     0 | D:1      | Reached XP level 1. HP: 16/16 MP: 1/1
   143 | D:1      | Reached XP level 2. HP: 14/22 MP: 2/2
   913 | D:2      | Noticed Robin
   971 | D:1      | Gained mutation: You are afflicted with vampirism and can
                  | become a bat while bloodless. [Vampire growth]
   971 | D:1      | Reached XP level 3. HP: 16/27 MP: 3/3
  1059 | D:2      | Killed Robin
  1331 | D:2      | Identified the +3 leather armour of Broken Taboos {*Corrode
                  | +Inv MP+9 Slay+5}
  1354 | D:2      | Noticed Jessica
  1362 | D:2      | Killed Jessica
  1363 | D:2      | Reached skill level 4 in Shapeshifting
  1363 | D:2      | Reached XP level 4. HP: 23/33 MP: 4/4
  1437 | D:2      | Found a shimmering blue altar of Sif Muna.
  1437 | D:2      | Noticed Sigmund
  1609 | D:2      | Slain by Sigmund

Illustrated notes

Levels and vault maps discovered:
D:1:      sevenhm_arrival_forest_fort_large_2, layout_loops_ring
D:2:      layout_rooms, basic_altar, amcnicky_mini_corridor_feature,
          uniq_jessica, uniq_robin, uniq_sigmund

Skill      XL: |  1  2  3 |
---------------+----------+-----
Fighting       | 2 |  2.3
Unarmed Combat | 3 |  3.7
Shapeshifting  | 4 |  4.1
Dodging        | |  2.1

Action                     |  1- 3 |  4- 6 || total
---------------------------+-------+-------++-------
  Melee: Unarmed           |   102 |     8 ||   110
         Bite              |     5 |     2 ||     7
         Punch             |     4 |       ||     4
    Use: Potion            |     1 |       ||     1
 Armour: Animal skin       |    23 |     1 ||    24
         Skin              |       |     2 ||     2
  Dodge: Dodged            |    59 |     6 ||    65
   Form: Statue            |       |     1 ||     1

Table legend: (Time is in decaauts)
 A = Elapsed time spent in this place.
 B = Non-inter-level travel time spent in this place.
 C = Inter-level travel time spent in this place.
 D = Time resting spent in this place.
 E = Time spent auto-exploring this place.
 F = Levels seen in this place.
 G = Mean time per level.
                   A        B        C        D        E       F      G
               +--------+--------+--------+--------+--------+-----+--------+
         Total |   1617 |   1527 |     90 |    208 |   1002 |   2 |  808.5 |
       Dungeon |   1617 |   1527 |     90 |    208 |   1002 |   2 |  808.5 |
               +--------+--------+--------+--------+--------+-----+--------+

Top non-repeatable levels by time:
     D:1: 1152 daAuts
     D:2: 464 daAuts
